 Dungeon Crawl Stone Soup version 0.25-a0-201-g0bb11aece9 (webtiles) character file.

Game seed: 10577345703917529512, levelgen mode: deterministic

597 floatRand the Skirmisher (level 7, -8/55 HPs)
             Began as a Demonspawn Chaos Knight on Dec 2, 2019.
             Was a Plaything of Xom.
             Mangled by a neqoxec (9 damage)
             ... summoned by Xom
             ... on level 4 of the Dungeon.
             The game lasted 00:04:22 (3208 turns).

floatRand the Skirmisher (Demonspawn Chaos Knight)  Turns: 3208, Time: 00:04:22

Health: -8/55      AC:  7    Str: 13      XL:     7   Next: 17%
Magic:  7/7        EV: 15    Int: 11 (14) God:    Xom [......]
Gold:   123        SH:  0    Dex:  9 (11) Spells: 6/6 levels left

rFire    + + .     SeeInvis .     - Unarmed
rCold    . . .     Gourm    .   (no shield)
rNeg     . . .     Faith    .   b - +2 leather armour
rPois    .         Spirit   .   (no helmet)
rElec    .         Reflect  .   (no cloak)
rCorr    .         Harm     .   (gloves unavailable)
MR       .....                  o - +2 pair of boots
Stlth    +.........             (no amulet)
HPRegen  0.00/turn              d - ring of protection from fire
MPRegen  0.10/turn              (no ring)

@: no status effects
A: claws 3, repulsion field 2, blurry vision 2, clumsy 1, deformed body, demonic
guardian 1, fire resistance 1, inhibited regeneration
a: Renounce Religion


You were on level 4 of the Dungeon.
You worshipped Xom.
You were a very special plaything of Xom.
You were not hungry.

You visited 1 branch of the dungeon, and saw 4 of its levels.

You collected 123 gold pieces.

Inventory:

Armour
 b - a +2 leather armour (worn)
 l - a +2 pair of boots
 o - a +2 pair of boots (worn)
Jewellery
 a - an uncursed amulet of regeneration {unknown}
 d - a ring of protection from fire (left claw)
Wands
 g - a wand of acid (4)
 p - a wand of iceblast (9)
 q - a wand of polymorph (7)
Scrolls
 e - 3 scrolls of identify {unknown}
 f - 3 scrolls of teleportation
 r - 3 scrolls of remove curse
 s - a scroll of magic mapping {unknown}
 u - a scroll of noise {unknown}
Potions
 k - a potion of agility {unknown}
 m - a potion of curing
 n - a potion of brilliance {unknown}
 t - a potion of degeneration {unknown}
Comestibles
 c - 6 rations
 j - a chunk of flesh


   Skills:
 - Level 4.3 Fighting
   Level 4.0 Long Blades
 - Level 3.4 Armour
 - Level 2.9 Dodging
 * Level 3.4 Unarmed Combat


You had 6 spell levels left.
You didn't know any spells.
Your spell library was empty.

Dungeon Overview and Level Annotations

Branches:
Dungeon (4/15)
 Temple: D:4-7

Altars:
Hepliaklqana
Yredelemnul

Annotations:
D:4 3 runed translucent doors, Ratty's ghost, amateur GnFi; Xiguana's ghost, novice OgVM
Abyss:1 Sigmund


Innate Abilities, Weirdness & Mutations

You have claws for hands.
You are surrounded by a moderate repulsion field. (EV +3)
A weak demonic guardian rushes to your aid.
Scrolls take you longer to read.
You are clumsy. (Dex -2)
Armour fits poorly on your strangely shaped body.
Your flesh is heat resistant. (rF+)
You do not regenerate when monsters are visible.


Message History

The crimson imp misses you.
You closely miss the neqoxec.
The neqoxec is severely wounded.
Your ufetubus hits the crimson imp but does no damage.
Your ufetubus barely misses the crimson imp.
The quasit bites you but does no damage.
The quasit claws you but does no damage. x2
Your shadow imp barely misses the neqoxec.
The neqoxec gestures at you.
Strange energies course through your body.
Your regeneration stops near monsters.
You scratch the neqoxec.
The neqoxec is severely wounded.
Your ufetubus hits the crimson imp. x2; The crimson imp hits you.
* * * LOW HITPOINT WARNING * * *
The quasit bites you but does no damage.
The quasit closely misses you. The quasit misses you.
Your shadow imp closely misses the neqoxec.
Your ufetubus misses the crimson imp. x2; The neqoxec hits you!
You die...

###....#. .......'. .......#.
.......#.
####################. ... #.
#..............##....
##..##.##..............##.###
...>...................'.....
##'#.#.##..5@..........##.###
.....[..#..355.........##.###
........#)....5........##....
......................)######
........#........^....[......
....?...#..............#####.
........########.............
........# #.............
........# #.#######.....


You could see a neqoxec, a quasit, a crimson imp, a friendly shadow imp and a
friendly ufetubus.

Vanquished Creatures
  A centaur skeleton (D:3)
  Ijyb (D:3)
  Natasha (twice) (D:4)
  2 worker ants (D:4)
  Terence (D:3)
  9 adders
  3 gnolls (D:3)
  2 oozes
  3 worms
  A leopard gecko (D:1)
  An orc (D:3)
  7 bats
  6 giant cockroaches
  7 goblins
  7 hobgoblins
  9 jackals
  2 quokkas (D:2)
  A ball python (D:1)
  A ball python skeleton (D:4)
  3 frilled lizards
  2 kobolds (D:1)
  5 rats
76 creatures vanquished.

Vanquished Creatures (collateral kills)
  A phantom (D:4)
  An ogre (D:4)
  A hobgoblin (D:3)
  A bat (D:3)
4 creatures vanquished.

Grand Total: 80 creatures vanquished

Notes
Turn   | Place    | Note
-------+----------+-------------------------------------------
     0 | D:1      | floatRand the Demonspawn Chaos Knight began the quest for
                  | the Orb.
     0 | D:1      | Reached XP level 1. HP: 18/18 MP: 1/1
    42 | D:1      | Reached skill level 1 in Dodging
   138 | D:1      | XOM: harmless Ice miscast
   144 | D:1      | Gained mutation: You have sharp fingernails. [demonic
                  | ancestry]
   144 | D:1      | Reached XP level 2. HP: 23/24 MP: 2/2
   207 | D:1      | XOM: harmless Summ miscast
   515 | D:1      | XOM: harmless Air miscast
   749 | D:2      | Noticed Sigmund
   751 | D:2      | Gained mutation: You have very sharp fingernails. [demonic
                  | ancestry]
   751 | D:2      | Reached XP level 3. HP: 21/29 MP: 3/3
   759 | D:2      | XOM: potion effect (invisibility)
   765 | D:2      | Banished Sigmund
   765 | D:2      | Reached XP level 4. HP: 27/37 MP: 4/4
   836 | D:2      | Gained mutation: A weak demonic guardian rushes to your
                  | aid. [demonic ancestry]
   836 | D:2      | Reached XP level 5. HP: 28/42 MP: 5/5
  1574 | D:3      | Noticed Terence
  1587 | D:3      | Killed Terence
  1692 | D:3      | Noticed Ijyb
  1695 | D:3      | Killed Ijyb
  1697 | D:3      | Gained mutation: You are surrounded by a mild repulsion
                  | field. (EV +2) [demonic ancestry]
  1697 | D:3      | Reached XP level 6. HP: 48/48 MP: 6/6
  1718 | D:3      | XOM: harmless Tmut miscast
  1740 | D:3      | Found a basalt altar of Yredelemnul.
  1769 | D:3      | XOM: give mutations
  1769 | D:3      | Gained mutation: Armour fits poorly on your strangely
                  | shaped body. [Xom's mischief]
  1769 | D:3      | Gained mutation: You have claws for hands. [Xom's mischief]
  1769 | D:3      | Gained mutation: Scrolls take you a little longer to read.
                  | [Xom's mischief]
  1769 | D:3      | Gained mutation: Your flesh is heat resistant. (rF+) [Xom's
                  | mischief]
  1903 | D:3      | XOM: harmless Tloc miscast
  2070 | D:3      | XOM: stat loss: -1 Dex (12/13)
  2190 | D:3      | Found a hazy altar of Hepliaklqana.
  2418 | D:3      | XOM: give mutations
  2418 | D:3      | Gained mutation: Scrolls take you longer to read. [Xom's
                  | mischief]
  2418 | D:3      | Gained mutation: You are clumsy. (Dex -2) [Xom's mischief]
  2456 | D:3      | XOM: mild Tmut miscast
  2467 | D:4      | XOM: noise
  2653 | D:4      | Noticed Natasha
  2662 | D:4      | Killed Natasha
  2722 | D:4      | Reached skill level 1 in Unarmed Combat
  2737 | D:4      | Noticed Natasha
  2755 | D:4      | Killed Natasha
  2803 | D:4      | XOM: mild Fire miscast
  3104 | D:4      | Found a runed translucent gate.
  3104 | D:4      | Found a runed translucent gate.
  3105 | D:4      | Found a runed translucent gate.
  3112 | D:4      | Noticed Xiguana's ghost (novice OgVM)
  3112 | D:4      | Noticed Ratty's ghost (amateur GnFi)
  3166 | D:4      | XOM: polymorph quasit -> shadow imp
  3183 | D:4      | XOM: polymorph iron imp -> white imp
  3187 | D:4      | XOM: summons 3 hostile demons
  3188 | D:4      | Noticed a neqoxec
  3196 | D:4      | Gained mutation: You are surrounded by a moderate repulsion
                  | field. (EV +3) [demonic ancestry]
  3196 | D:4      | Reached XP level 7. HP: 28/55 MP: 7/7
  3207 | D:4      | Gained mutation: You do not regenerate when monsters are
                  | visible. [a neqoxec]
  3208 | D:4      | HP: 1/55 [crimson imp[Xom] (2)]
  3208 | D:4      | Mangled by a neqoxec

Levels and vault maps discovered:
D:1:      lightli_iron_boxes, layout_basic, grunt_decor_mini_mirrors,
          wad_floor_pattern_untrapped
D:2:      layout_loops_ring, first_ration, uniq_sigmund
D:3:      layout_loops_ring, overflow_temple_1_default,
          yredelemnul_altar_generic, uniq_terence, uniq_ijyb
D:4:      layout_basic, gammafunk_ghost_cemetery, uniq_menkaure, uniq_natasha

Skill      XL: |  1  2  3  4  5  6 |
---------------+-------------------+-----
Dodging        | 1 2 |  2.9
Armour         | 2 3 |  3.4
Long Blades    | 3 4 |  4.0
Fighting       | 4 |  4.3
Unarmed Combat | 3 |  3.4

Action                   |  1- 3 |  4- 6 |  7- 9 || total
-------------------------+-------+-------+-------++-------
Melee: Falchion          |    62 |   156 |       ||   218
       Unarmed           |       |    64 |    10 ||    74
  Use: Potion            |     2 |     1 |     2 ||     5
       Scroll            |       |     3 |       ||     3
 Stab: Invisible         |     2 |       |       ||     2
       Petrifying        |       |     1 |       ||     1
       Confused          |       |     2 |       ||     2
       Paralysed         |       |     1 |       ||     1
  Eat: Chunk             |       |     8 |       ||     8
Armor: Leather armour    |    13 |    86 |    18 ||   117
Dodge: Dodged            |    36 |   156 |    32 ||   224
       Rpst.: Falchion   |    10 |    35 |       ||    45

Table legend:
 A = Non-vault XP
 B = Vault XP
 C = Vault XP percentage of total XP
 D = Non-vault monster count
 E = Vault monster count
 F = Vault count percentage of total count
                 A         B        C        D         E       F
            +---------+---------+-------+---------+---------+-------
      Total |     606 |     247 |  29.0 |      75 |       4 |   5.1
            +---------+---------+-------+---------+---------+-------
        D:1 |      31 |       0 |   0.0 |      18 |       0 |   0.0
        D:2 |      84 |     144 |  63.2 |      18 |       1 |   5.3
        D:3 |     182 |      68 |  27.2 |      32 |       2 |   5.9
        D:4 |     309 |      35 |  10.2 |       7 |       1 |  12.5
            +---------+---------+-------+---------+---------+-------
